 Dungeon Crawl Stone Soup version 0.19.1 (webtiles) character file.

105 M4edhros the Charlatan (level 4, 24/28 HPs)
             Began as an Octopode Artificer on Dec 10, 2016.
             Quit the game on level 3 of the Dungeon.
             The game lasted 00:01:54 (1148 turns).

M4edhros the Charlatan (Octopode Artificer)         Turns: 1148, Time: 00:01:54

Health: 24/28      AC:  1    Str: 11    XL:     4   Next: 83%
Magic:  7/7        EV: 13    Int: 13    God:
Gold:   30         SH:  0    Dex: 13    Spells: 0 memorised, 3 levels left

rFire  . . .     SeeInvis .     a - +0 short sword
rCold  . . .     Gourm    .     (no shield)
rNeg   . . .     Faith    +     (helmet restricted)
rPois  .         Spirit   .     h - amulet of faith
rElec  .         Reflect  .     j - ring of resist corrosion
rCorr  +         Harm     .     (no ring)
MR     .....                    (no ring)
Stlth  +++.......               (no ring)
                                (no ring)
                                (no ring)
                                (no ring)
                                (no ring)

@: no status effects
A: almost no armour, stealthy swim, amphibious, 8 rings, constrict 8, camouflage
1, gelatinous body 1
a: no special abilities


You were on level 3 of the Dungeon.
You were hungry.

You visited 1 branch of the dungeon, and saw 3 of its levels.

You collected 30 gold pieces.

Inventory:

Hand Weapons
 a - a +0 short sword (weapon)
 g - a +0 hunting sling
Jewellery
 h - an amulet of faith (around mantle)
 j - a ring of resist corrosion (left tentacle)
Wands
 b - a wand of flame (10/48)
 c - a wand of enslavement (15/24)
 d - a wand of random effects (15/48)
Scrolls
 e - 3 scrolls of identify {unknown}
 i - a scroll of amnesia {unknown}
Comestibles
 f - 2 bread rations


   Skills:
 - Level 1.0 Fighting
 - Level 1.0 Short Blades
 + Level 3.7 Slings
 - Level 2.0 Dodging
 - Level 1.3 Stealth
 - Level 4.0 Evocations


You had 3 spell levels left.
You didn't know any spells.

Dungeon Overview and Level Annotations

Branches:
Dungeon (3/15)

Altars:


Innate Abilities, Weirdness & Mutations

You cannot wear most types of armour.
You are very stealthy in the water. (Stealth+)
You are amphibious.
You can wear up to eight rings at the same time.
You can use your tentacles to constrict eight enemies at once.
Your skin changes colour to match your surroundings (Stealth+).
Your rubbery body absorbs attacks. (AC +1, EV +1)


Message History

j - a tubular ruby ring The bat barely misses you.
Put on which piece of jewellery? (? for menu, Esc to quit)
j - a ring of resist corrosion (left tentacle)
You closely miss the bat. You grab the bat.
You squeeze the bat, but do no damage. You constrict the bat. The bat hits you.
The bat struggles to escape constriction.
You barely miss the bat. Your squeeze misses the bat.
The bat is moderately wounded.
You constrict the bat. The bat barely misses you.
The bat escapes!
You miss the bat. You grab the bat. Your squeeze misses the bat.
The bat is heavily wounded.
You constrict the bat. The bat hits you.
The bat struggles to escape constriction.
The bat escapes!
You hit the bat.
You kill the bat!
Quiver which item? (- for none, * to show all) (? for menu, Esc to quit)
Okay, then.
Are you sure you want to abandon this character and quit the game? (Confirm with "yes".)

. .# . .# .###.#
## ..#.# ##..
#.#.# #
##...##.#.#.##.#
................
#......@..#
##..##.##.#
##.##.## #
#......#
#..##..#
#.#..#.#
#b#..#.#
#..#.#.$
#....#.##


There were no monsters in sight!

Vanquished Creatures
  2 orc wizards (D:3)
  A dart slug (D:1)
  2 leopard geckos (D:1)
  3 orcs (D:3)
  3 giant cockroaches
  7 goblins
  5 hobgoblins
  6 bats
  4 frilled lizards
  7 rats
40 creatures vanquished.

Notes
Turn   | Place    | Note
-------+----------+-------------------------------------------
     0 | D:1      | M4edhros the Octopode Artificer began the quest for the Orb.
     0 | D:1      | Reached XP level 1. HP: 13/13 MP: 3/3
    12 | D:1      | Reached XP level 2. HP: 2/18 MP: 4/4
    14 | D:1      | Reached skill level 4 in Evocations
   427 | D:1      | Reached skill level 1 in Slings
   450 | D:1      | Reached XP level 3. HP: 14/23 MP: 6/6
   869 | D:3      | Reached XP level 4. HP: 25/28 MP: 7/7
  1148 | D:3      | Quit the game

Skill      XL: |  1  2  3 |
---------------+----------+-----
Evocations     | 4 |  4.0
Slings         | 1 3 |  3.7
Fighting       | |  1.0
Short Blades   | |  1.0
Dodging        | |  2.0
Stealth        | |  1.3

Action                   |  1- 3 |  4- 6 || total
-------------------------+-------+-------++-------
Melee: Short sword       |    61 |    14 ||    75
       Constrict         |    20 |     5 ||    25
       Tentacles         |    15 |     4 ||    19
Evoke: Wand              |     5 |       ||     5
 Stab: Sleeping          |     6 |       ||     6
Armor: Skin              |    12 |     2 ||    14
Dodge: Dodged            |    43 |    13 ||    56
